cohdb
Replays
Latest Replays
All Replays
Popular Replays
Top Player Replays
Match Explorer
How It Works
Community
CoH3 Stats
Reddit
Sign in to upload your games and track your stats! →
Sign in with Steam
Match 47026933
Unlisted
Match 47026933
Overview
Messages
Build Orders
End
Construct Infanterie Kompanie
Kettenkrad Recon Vehicle
MG 42 Machine Gun Team
MG 42 Machine Gun Team
GrW 34 Mortar Team
Construct Panzergrenadier Kompanie
Panzergrenadier Squad
Medical Bunker
Pioneer Squad
Pak 40 Anti-tank Gun Team
Support Elements
StuG III G Assault Gun
djkeenan
GeneralHauDrauf
MaXTin
BertsArmy
Comrade Dog
crywo1f
0
0
Comments
sign in to comment!
No comments posted yet!